 Dungeon Crawl Stone Soup version 0.17.1-2-g5865329 (webtiles) character file.

206 Jobasha the Ducker (level 6, 0/47 HPs)
             Began as a Human Gladiator on Jan 27, 2016.
             Succumbed to an orc wizard's poison
             ... on level 3 of the Dungeon.
             The game lasted 00:21:27 (3671 turns).

Jobasha the Ducker (Human Gladiator)                Turns: 3671, Time: 00:21:27

Health: 0/47       AC:  4    Str: 16 (17) XL:     6   Next: 10%
Magic:  6/6        EV: 14    Int:  8      God:
Gold:   123        SH:  0    Dex: 14      Spells: 0 memorised, 5 levels left

rFire  . . .     SeeInvis .     a - +0 trident
rCold  . . .     Clarity  .     b - +0 leather armour
rNeg   . . .     SustAt   .     (no shield)
rPois  .         Gourm    .     c - +0 helmet
rElec  .         Spirit   .     (no cloak)
rCorr  .         Warding  .     (no gloves)
rMut   .         Stasis   .     (no boots)
MR     .....                    (no amulet)
Stlth  +.........               (no ring)
                                (no ring)

@: lethally poisoned (0 -> -9), very slightly contaminated, invisible, not
resistant to hostile enchantments, very unstealthy
A: no striking features
a: no special abilities


You were on level 3 of the Dungeon.
You were not hungry.

You visited 1 branch of the dungeon, and saw 4 of its levels.

You collected 123 gold pieces.

Inventory:

Hand Weapons
 a - a +0 trident (weapon)
Missiles
 k - 2 tomahawks (quivered)
Armour
 b - a +0 leather armour (worn)
 c - a +0 helmet (worn)
Jewellery
 g - an uncursed amulet of faith {unknown}
 j - an uncursed ring of flight {unknown}
 q - a +4 ring of intelligence {unknown}
Scrolls
 e - a scroll of recharging
 n - a scroll of magic mapping {unknown}
Potions
 f - a potion of invisibility
 i - a potion of flight
Comestibles
 h - 3 meat rations
 m - a bread ration
 o - 2 royal jellies
 p - 3 fruits


   Skills:
 + Level 3.2 Fighting
 + Level 3.7 Polearms
 + Level 2.2 Throwing
 + Level 1.8 Armour
 + Level 4.6 Dodging
 + Level 0.2 Stealth


You had 5 spell levels left.
You didn't know any spells.

Dungeon Overview and Level Annotations

Branches:
Dungeon (4/15)
 Temple: D:4-7

Altars:
Fedhas
Gozag
Zin
The Shining One

Annotations:
D:4 Purgy


Message History

You feel guilty. "You will pay for your transgression, mortal!"
* * * LOW HITPOINT WARNING * * *
You feel sick. The orc closely misses you.
Really renounce your faith, foregoing its fabulous benefits?
Are you sure you won't change your mind later?
You have lost your religion!
* * * LOW HITPOINT WARNING * * *
You feel sick. The orc barely misses you. The orc barely misses you.
You hit the orc.
The orc is heavily wounded.
* * * LOW HITPOINT WARNING * * *
You feel sick. The orc hits you.
* * * LOW HITPOINT WARNING * * *
The orc hits you with a whip.
* * * LOW HITPOINT WARNING * * *
You catch the helpless orc completely off-guard!
You hit the orc.
You kill the orc!
You die...

####.#. #. #..) .....%.
#.###... ###.#.<#####
#....... #..........#
#####...
#..........########.>.
#.......)%............
#.#.......†.............
#....<..o............#.#
.#..(.@(.......<....+..
....(..(.............###
......#####..........###
...... #............#
..... #########..#..
..... #....# .... #..#..
.... .....# ###.#..


You could see an orc.

Vanquished Creatures
  A scorpion (D:1)
  An orc wizard (D:3)
  A shadow imp (D:3)
  5 adders
  A worm (D:3)
  A giant gecko (D:1)
  An orc (D:3)
  9 bats
  9 goblins
  9 hobgoblins
  9 jackals
  2 kobolds
  A quokka (D:2)
  6 giant cockroaches
  5 giant newts
  6 rats
67 creatures vanquished.

Notes
Turn   | Place    | Note
--------------------------------------------------------------
     0 | D:1      | Jobasha the Human Gladiator began the quest for the Orb.
     0 | D:1      | Reached XP level 1. HP: 16/16 MP: 1/1
    98 | D:1      | Reached XP level 2. HP: 20/22 MP: 2/2
   560 | D:1      | Reached XP level 3. HP: 27/27 MP: 3/3
  1153 | D:1      | Noticed a scorpion
  1170 | D:1      | Killed a scorpion
  1170 | D:1      | Reached skill level 1 in Armour
  1170 | D:1      | Reached skill level 4 in Dodging
  1170 | D:1      | Reached XP level 4. HP: 17/34 MP: 4/4
  1532 | D:1      | Reached XP level 5. HP: 39/39 MP: 5/5
  2263 | D:2      | Found an opulent altar of Gozag.
  2398 | D:2      | Found a blossoming altar of Fedhas.
  2561 | D:2      | Found a glowing silver altar of Zin.
  3123 | D:3      | Found a glowing golden altar of the Shining One.
  3144 | D:3      | Became a worshipper of the Shining One
  3199 | D:3      | Noticed Purgy
  3222 | D:3      | HP: 2/41 [Purgy (3)]
  3242 | D:3      | HP: 2/41 [Purgy (3)]
  3658 | D:3      | Reached XP level 6. HP: 10/47 MP: 6/6
  3666 | D:3      | Was placed under penance by the Shining One
  3669 | D:3      | Fell from the grace of the Shining One
  3670 | D:3      | HP: 1/47 [orc/whip (2)]
  3671 | D:3      | Succumbed to an orc wizard's poison

Action                   |  1- 3 |  4- 6 || total
-------------------------+-------+-------++-------
Melee: Trident           |   108 |   191 ||   299
Throw: Tomahawk          |       |     9 ||     9
       Throwing net      |       |     3 ||     3
Invok: Renounce Religion |       |     1 ||     1
  Use: Potion            |     2 |     2 ||     4
       Scroll            |       |     1 ||     1
 Stab: Sleeping          |     1 |     1 ||     2
       Invisible         |       |     2 ||     2
  Eat: Chunk             |     1 |     1 ||     2
       Bread ration      |       |     2 ||     2
